 Dungeon Crawl Stone Soup version 0.24.0-13-gcf9b319 (webtiles) character file.

Game seed: 13659084698466186637, levelgen mode: deterministic

209 Balder the Cudgeler (level 5, -2/33 HPs)
             Began as a Tengu Berserker on Nov 29, 2019.
             Was a Believer of Trog.
             Killed by divine providence
             ... invoked by an orc priest
              (12 damage)
             ... on level 3 of the Dungeon.
             The game lasted 00:08:33 (3102 turns).

Balder the Cudgeler (Tengu Berserker)               Turns: 3102, Time: 00:08:34

Health: -2/33      AC:  6    Str: 18    XL:     5   Next: 87%
Magic:  6/6        EV: 13    Int:  7    God:    Trog [**....]
Gold:   167        SH:  0    Dex: 14    Spells: 4/4 levels left

rFire    . . .     SeeInvis .   a - +0 mace
rCold    . . .     Gourm    .   (no shield)
rNeg     . . .     Faith    .   n - +0 scale mail
rPois    .         Spirit   .   (helmet restricted)
rElec    .         Reflect  .   (no cloak)
rCorr    .         Harm     .   (no gloves)
MR       ++...                  (boots unavailable)
Stlth    ..........             (no amulet)
HPRegen  1.11/turn              (no ring)
MPRegen  0.10/turn              (no ring)

@: flying quickly and evasively, regenerating, quick
A: beak, talons 3, able to fly
a: Stop Flying, Berserk, Trog's Hand, Renounce Religion


You were on level 3 of the Dungeon.
You worshipped Trog.
Trog was pleased with you.
You were not hungry.

You visited 1 branch of the dungeon, and saw 5 of its levels.

You collected 167 gold pieces.

Inventory:

Hand Weapons
 a - a +0 mace (weapon)
Missiles
 p - 35 poisoned darts (quivered)
Armour
 b - a +0 animal skin
 n - a +0 scale mail (worn)
Scrolls
 d - a scroll of fear {unknown}
 e - 3 scrolls of enchant armour {unknown}
 f - 2 scrolls of enchant weapon {unknown}
 g - 2 scrolls of teleportation {unknown}
 i - a scroll of fog {unknown}
 j - 3 scrolls of random uselessness {unknown}
 l - 3 scrolls of remove curse {unknown}
 m - a scroll of blinking {unknown}
 q - a scroll of identify {unknown}
 v - a scroll of noise {unknown}
Potions
 h - a potion of lignification {unknown}
 k - a potion of might {unknown}
 o - a potion of haste {unknown}
 r - 2 potions of mutation {unknown}
 t - a potion of cancellation {unknown}
 u - a potion of heal wounds {unknown}
Comestibles
 c - 9 rations
 s - 2 chunks of flesh


   Skills:
 * Level 3.7 Fighting
 * Level 5.1 Maces & Flails
 * Level 1.3 Throwing
 * Level 3.3 Armour
 * Level 2.6 Dodging
 * Level 1.3 Stealth


You had 4 spell levels left.
You didn't know any spells.
Your spell library was empty.

Dungeon Overview and Level Annotations

Branches:
Dungeon (5/15)
 Temple: D:4-7

Altars:
Ru
Trog
Wu Jian

Annotations:
D:4 Menkaure


Innate Abilities, Weirdness & Mutations

You have a beak for a mouth.
You have claws for feet.
You can fly continuously.


Message History

The orc is severely wounded.
The orc barely misses you.
You closely miss the orc. Your kick misses the orc.
The orc is severely wounded.
The orc misses you.
You hit the orc but do no damage. You claw the orc.
The orc is almost dead.
The orc misses you.
Your skin crawls.
You feel resistant to hostile enchantments.
You feel somewhat more hungry. The orc misses you.
You hit the orc but do no damage. Your kick misses the orc.
The orc is almost dead.
The orc closely misses you.
You sock the orc!
You kill the orc!
Trog accepts your kill.
The orc priest invokes the aid of Beogh against you.
Beogh smites you!
You die...

.......###.#..#.#..######.#......
.................................
................##..#####...#####
##...............................
######<##.##.#.# #.#####.#.##.##
##.........# #.# #.#... ..
######..##.#..#.# #.## #.#......
..............#.###..####.####.#.
#.####..##.#....@)oo...........#.
....รท.....##.#.####o.####..###
#. ..###..##.##.#.# #...# .< .##
##.##.##.#.# #.oo# ##
####.##.....##o..#
#.####.......o# ... .........#
#.. #.#....).# #.. # #......#


You could see an orc priest and 2 orcs.

Vanquished Creatures
  An orc wizard (D:3)
  Natasha (thrice) (D:3)
  4 adders
  A worm (D:2)
  4 dart slugs (D:1)
  4 leopard geckos
  4 orcs (D:3)
  3 giant cockroaches
  4 goblins
  5 hobgoblins
  A jackal (D:1)
  2 quokkas
  6 bats
  A frilled lizard (D:1)
  8 kobolds
  8 rats
59 creatures vanquished.

Notes
Turn   | Place    | Note
-------+----------+-------------------------------------------
     0 | D:1      | Balder the Tengu Berserker began the quest for the Orb.
     0 | D:1      | Reached XP level 1. HP: 14/14 MP: 2/2
   322 | D:1      | Reached XP level 2. HP: 10/19 MP: 3/3
   916 | D:1      | Reached XP level 3. HP: 11/23 MP: 4/4
  1525 | D:2      | Reached skill level 4 in Maces & Flails
  1526 | D:2      | Reached ** piety under Trog
  1531 | D:2      | Found a faded altar of an unknown god.
  1695 | D:2      | Reached XP level 4. HP: 25/28 MP: 5/5
  1912 | D:2      | Found an ornate altar of the Wu Jian Council.
  2071 | D:3      | Noticed Natasha
  2086 | D:3      | Reached skill level 1 in Stealth
  2088 | D:3      | Killed Natasha
  2088 | D:3      | Reached skill level 1 in Throwing
  2088 | D:3      | Gained mutation: You can fly continuously. [Tengu growth]
  2088 | D:3      | Reached XP level 5. HP: 14/32 MP: 6/6
  2283 | D:3      | Noticed Natasha
  2289 | D:3      | Killed Natasha
  2296 | D:3      | Noticed Natasha
  2300 | D:3      | Killed Natasha
  2409 | D:3      | You are sucked into a shaft and drop 2 floors!
  2409 | D:5      | Entered Level 5 of the Dungeon
  2519 | D:5      | Reached skill level 5 in Maces & Flails
  2527 | D:5      | Noticed a centaur
  2539 | D:4      | Noticed Menkaure
  2771 | D:3      | Found a bloodstained altar of Trog.
  2915 | D:3      | Found a sacrificial altar of Ru.
  3102 | D:3      | Killed from afar by an orc priest

Levels and vault maps discovered:
D:1:      dpeg_arrival_brainrot, layout_loops_ring, minmay_pentomino_r4
D:2:      layout_basic, lemuel_doored_altar, chequers_ecumenical_altar_simple
D:3:      layout_basic, marbit_many_paths, nicolae_ru_the_path_less_chosen,
          lemuel_coloured_pillars_altar, uniq_natasha
D:4:      layout_loops_ring, fedhas_altar_3, nemelex_xobeh_ov_fountains_minmay,
          serial_shops, shop, uniq_menkaure, uniq_edmund
D:5:      layout_cave_pods, first_ration, st_stairs_13

Skill      XL: |  1  2  3  4  5 |
---------------+----------------+-----
Maces & Flails | 4 5 |  5.1
Stealth        | 1 |  1.3
Throwing       | 1 |  1.3
Armour         | 3 |  3.3
Fighting       | |  3.7
Dodging        | |  2.6

Action                   |  1- 3 |  4- 6 || total
-------------------------+-------+-------++-------
Melee: Mace              |    55 |    61 ||   116
       Kick              |    17 |    19 ||    36
       Peck              |     5 |     7 ||    12
Invok: Trog's Hand       |       |     1 ||     1
 Abil: Fly               |       |     1 ||     1
  Eat: Chunk             |     2 |     2 ||     4
       Ration            |       |     1 ||     1
Armor: Animal skin       |     1 |       ||     1
       Ring mail         |    17 |       ||    17
       Scale mail        |     6 |    12 ||    18
Dodge: Dodged            |    24 |    32 ||    56
